 Dungeon Crawl Stone Soup version 0.20.1-1-g8b1a95d (webtiles) character file.

3542 Jukra the Cleaver (level 9, -6/81 HPs)
             Began as a Minotaur Berserker on Sept 4, 2017.
             Was an Elder of Trog.
             Killed from afar by an electric eel (8 damage)
             ... with a bolt of electricity
             ... on level 9 of the Dungeon.
             The game lasted 00:26:26 (4981 turns).

Jukra the Cleaver (Minotaur Berserker)              Turns: 4981, Time: 00:26:27

Health: -6/81      AC: 19    Str: 26    XL:     9   Next: 82%
Magic:  7/7        EV: 11    Int:  4    God:    Trog [****..]
Gold:   467        SH:  0    Dex:  9    Spells: 8/8 levels left

rFire    . . .     SeeInvis .   f - +1 hand axe (freeze)
rCold    . . .     Gourm    .   (no shield)
rNeg     . . .     Faith    .   s - +1 plate armour
rPois    +         Spirit   .   (helmet restricted)
rElec    .         Reflect  .   w - +0 cloak
rCorr    .         Harm     .   F - +0 pair of gloves (curse)
MR       .....     Rnd*Tele +   x - +0 pair of boots
Stlth    ..........             (no amulet)
Regen    0.3/turn               H - ring of teleportation (curse)
MPRegen  0.1/turn               p - ring of poison resistance

@: berserk cooldown, slowed, very slow
A: retaliatory headbutt, horns 2, repulsion field 1, low mp 1, wild magic 1
a: Berserk, Trog's Hand, Brothers in Arms, Burn Spellbooks, Renounce Religion


You were on level 9 of the Dungeon.
You worshipped Trog.
Trog was greatly pleased with you.
You were not hungry.

You visited 2 branches of the dungeon, and saw 10 of its levels.

You collected 467 gold pieces.

Inventory:

Hand Weapons
 a - a +1 hand axe
 b - a +0 scythe
 f - a +1 hand axe of freezing (weapon)
 l - a +2 dagger of speed
 v - a +0 war axe
 I - a +0 whip of electrocution
 N - a cursed +0 whip
 O - a +1 dagger of venom
Missiles
 u - 19 tomahawks (quivered)
Armour
 d - a +0 pair of gloves
 e - a +0 pair of gloves
 s - a +1 plate armour (worn)
 w - a +0 cloak (worn)
 x - a +0 pair of boots (worn)
 A - a +1 scale mail of poison resistance
 B - a +0 chain mail
 F - a cursed +0 pair of gloves (worn)
Jewellery
 p - a ring of poison resistance (right hand)
 q - an uncursed ring of stealth
 H - a cursed ring of teleportation (left hand)
 P - an uncursed amulet of harm
Wands
 r - a wand of disintegration (24/24)
 J - a wand of random effects (16/48)
 M - a wand of disintegration (6/24)
Scrolls
 j - a scroll of amnesia
 n - a scroll of recharging
 o - a scroll of blinking
 t - 5 scrolls of identify
 y - 3 scrolls of magic mapping
 C - a scroll of vulnerability {unknown}
 D - 2 scrolls of fog {unknown}
 G - a scroll of remove curse
 K - a scroll of noise {unknown}
 L - a scroll of teleportation
Potions
 g - a potion of might {unknown}
 m - 5 potions of curing
 E - a potion of brilliance
Comestibles
 c - 2 bread rations
 h - 4 fruits
 k - 5 meat rations
 z - a royal jelly


   Skills:
 * Level 8.0 Fighting
 * Level 12.1 Axes
 * Level 9.4 Armour
 + Level 3.4 Dodging


You had 8 spell levels left.
You didn't know any spells.

Dungeon Overview and Level Annotations

Branches:
Dungeon (9/15)             Temple (1/1) D:4            Lair (0/6) D:9
    Orc: D:9-12

Altars:
Ashenzari
Cheibriados
Dithmenos
Elyvilon
Fedhas
Gozag
Hepliaklqana
Kikubaaqudgha
Makhleb
Nemelex Xobeh
Okawaru
Qazlal
Ru
Sif Muna
Trog
Uskayaw
Vehumet
Xom
Yredelemnul
Zin
The Shining One

Shops:
D:8 (


Innate Abilities, Weirdness & Mutations

You reflexively headbutt those who attack you in melee.
You have a pair of horns on your head.
You are surrounded by a mild repulsion field. (EV +2)
Your magical capacity is low. (-10% MP)
Your spells are a little harder to cast, but a little more powerful.


Message History

The bolt of electricity hits you!
* * * LOW HITPOINT WARNING * * *
The bolt of electricity hits the plant. x3
You completely miss the electric eel.
The electric eel is moderately wounded.
You hit the plant but do no damage. x2; You hit the electric eel.
You freeze the electric eel. You hit the plant. You freeze the plant.
You miss the electric eel. Your headbutt misses the electric eel.
The electric eel is moderately wounded.
You hit the plant but do no damage. You hit the plant. You freeze the plant.
You miss the electric eel. You hit the plant. You freeze the plant.
The electric eel shoots out a bolt of lightning at you!
The bolt of electricity hits you!
* * * LOW HITPOINT WARNING * * *
The bolt of electricity hits the plant.
The plant is destroyed!
The bolt of electricity hits the plant. x2
The electric eel shoots out a bolt of lightning at you!
The bolt of electricity hits you!
You die...

#. #. ### # #.
..#.#
♣♣♣♣##.###..#.#
♣P≈≈≈P≈≈≈≈$...#
≈P≈P≈P≈≈≈≈....#
≈≈≈≈P≈PP;.....#
≈≈≈≈≈≈PP@P..#
≈≈≈≈≈P≈;≈...#
≈≈≈≈P≈≈≈≈...#
≈≈≈≈≈≈≈≈....#
≈≈≈≈≈≈≈≈P≈..#
≈≈≈≈≈≈≈P≈...#
≈≈≈PP≈P≈PP..#
♣♣≈≈≈≈≈≈≈≈...
♣♣♣####.....#


You could see 2 electric eels.

Vanquished Creatures
  A centaur warrior (D:9)
  Pikel (D:8)
  A deep elf mage (D:9)
  Sigmund (D:5)
  2 sky beasts
  An orc warrior (D:8)
  A slave (D:8)
  A black bear (D:8)
  3 ogres
  3 bullfrogs
  A scorpion (D:7)
  4 howler monkeys
  5 crimson imps
  A quasit (D:6)
  2 hounds
  3 orc priests
  5 orc wizards
  A bullfrog skeleton (D:6)
  An iguana (D:8)
  4 worker ants
  A hound skeleton (D:7)
  8 adders
  3 shadow imps
  An ooze (D:2)
  An adder zombie (D:9)
  An adder skeleton (D:6)
  4 worms
  A dart slug (D:3)
  9 leopard geckos
  17 orcs
  3 giant cockroaches
  15 goblins
  8 hobgoblins
  6 quokkas
  3 bats (D:2)
  3 frilled lizards
  A jackal zombie (D:6)
  3 kobolds (D:3)
  5 rats
135 creatures vanquished.

Vanquished Creatures (others)
  2 slaves (D:8)
  A scorpion (D:8)
  A hound (D:8)
  An orc priest (D:8)
  An adder (D:8)
  A plant (D:9)
7 creatures vanquished.

Grand Total: 142 creatures vanquished

Notes
Turn   | Place    | Note
-------+----------+-------------------------------------------
     0 | D:1      | Jukra the Minotaur Berserker began the quest for the Orb.
     0 | D:1      | Reached XP level 1. HP: 19/19 MP: 0/0
   408 | D:2      | Reached XP level 2. HP: 23/27 MP: 1/1
   544 | D:2      | Reached skill level 4 in Axes
   937 | D:2      | Reached XP level 3. HP: 28/33 MP: 2/2
  1165 | D:3      | Reached ** piety under Trog
  1321 | D:3      | Reached skill level 5 in Axes
  1325 | D:3      | Reached XP level 4. HP: 41/41 MP: 3/3
  1683 | D:4      | Reached XP level 5. HP: 41/47 MP: 4/4
  1856 | D:4      | Found a staircase to the Ecumenical Temple.
  1860 | D:4      | Noticed an ogre
  1868 | D:4      | Killed an ogre
  1868 | D:4      | Reached skill level 5 in Fighting
  1868 | D:4      | Reached skill level 6 in Axes
  1872 | Temple   | Entered the Ecumenical Temple
  2282 | D:4      | Reached XP level 6. HP: 52/56 MP: 5/5
  2336 | D:5      | Entered Level 5 of the Dungeon
  2513 | D:5      | Noticed Sigmund
  2530 | D:5      | Killed Sigmund
  2530 | D:5      | Reached skill level 7 in Axes
  2530 | D:5      | Reached skill level 5 in Armour
  2530 | D:5      | Reached XP level 7. HP: 57/61 MP: 6/6
  2612 | D:5      | Reached *** piety under Trog
  2746 | D:5      | Reached skill level 8 in Axes
  3210 | D:6      | Reached XP level 8. HP: 65/70 MP: 7/7
  3329 | D:6      | Reached skill level 9 in Axes
  3785 | D:7      | Reached **** piety under Trog
  3951 | D:7      | Reached skill level 10 in Axes
  4181 | D:8      | Noticed Pikel
  4201 | D:8      | Killed Pikel
  4201 | D:8      | Reached XP level 9. HP: 55/79 MP: 8/8
  4284 | D:8      | Found a burning altar of Makhleb.
  4468 | D:8      | Reached skill level 11 in Axes
  4472 | D:8      | Gained mutation: You are surrounded by a mild repulsion field. (EV +2) [mutagenic meat]
  4473 | D:8      | Gained mutation: Your spells are a little harder to cast, but a little more powerful. [mutagenic meat]
  4474 | D:8      | Gained mutation: Your magical capacity is low. (-10% MP) [mutagenic meat]
  4584 | D:8      | Found Ifozaej's Weapon Emporium.
  4887 | D:9      | Found a staircase to the Lair.
  4939 | D:9      | Found a large runed door.
  4939 | D:9      | Found a large runed door.
  4941 | D:9      | Noticed a centaur warrior
  4941 | D:9      | Noticed a deep elf mage
  4948 | D:9      | Noticed a demonic crawler
  4955 | D:9      | Killed a centaur warrior
  4962 | D:9      | Killed a deep elf mage
  4962 | D:9      | Reached skill level 12 in Axes
  4981 | D:9      | HP: 2/81 [electric eel/bolt of electricity (12)]
  4981 | D:9      | Killed from afar by an electric eel

Skill      XL: |  1  2  3  4  5  6  7  8  9 |
---------------+----------------------------+-----
Fighting       | 4 5 6 7 8 |  8.0
Axes           | 4 5 6 7 8 10 12 | 12.1
Armour         | 3 4 5 6 7 9 |  9.4
Dodging        | 3 |  3.4

Action                   |  1- 3 |  4- 6 |  7- 9 || total
-------------------------+-------+-------+-------++-------
Melee: Hand axe          |    97 |    89 |   253 ||   439
       Headbutt          |    16 |    15 |    42 ||    73
Invok: Burn Spellbooks   |       |     1 |     1 ||     2
       Berserk           |       |     1 |     1 ||     2
  Use: Scroll            |       |     9 |     2 ||    11
       Potion            |       |     5 |     2 ||     7
  Eat: Chunk             |     1 |     1 |     9 ||    11
       Royal jelly       |       |     2 |       ||     2
       Bread ration      |       |       |     1 ||     1
       Fruit             |       |       |     1 ||     1
Armor: Chain mail        |    36 |       |       ||    36
       Ring mail         |     1 |       |       ||     1
       Plate armour      |    14 |    56 |   164 ||   234
Dodge: Dodged            |    36 |    23 |    80 ||   139
